Cogmind - Beta 14 @@@ ROGUE MODE // 2024.12.01 @ 23:55:36 Player: PDD Result: Destroyed by H-61 Shepherd with Heavy Assault Cannon Performance ------------- Evolutions (2) 1000 Regions Visited (4) 800 Robots Destroyed (36) 180 Value Destroyed (947) 947 Prototype IDs (2) 40 Alien Tech Used (0) 0 Bonus (0) 0 TOTAL SCORE: 2967 Bonus ------- None Cogmind --------- Core Integrity 0/550 Matter 192/300 Energy 265/265 System Corruption 0% Temperature Cool (0) Movement Core (450) Ox8 Location -8/Materials Parts ------- > --- POWER (1) -------- Improved Ion Engine > --- PROPULSION (2) --- (None) > --- UTILITY (6) ------ Large Storage Unit Improved Terrain Scan Processor > --- WEAPON (2) ------- (None) > --- INVENTORY (15) --- Large Storage Unit Seismic Detector ECM Suite Core Shielding Power Shielding Propulsion Shielding Hacking Suite Heavy Assault Rifle Heavy Assault Rifle Gauss Rifle Peak State ------------ > --- POWER ------------ Improved Ion Engine > --- PROPULSION ------- Light Treads Armored Treads > --- UTILITY ---------- Small Storage Unit Visual Processing Unit Signal Interpreter Terrain Scanner Improved Terrain Scan Processor ECM Suite > --- WEAPON ----------- Beam Rifle EM Pulse Cannon > --- INVENTORY -------- Seismic Detector Targeting Computer Improved Targeting Computer Core Shielding Power Shielding Propulsion Shielding Hacking Suite [Rating: 21] Favorites ----------- Power Ion Engine Engine Ion Engine Power Core Light Nuclear Core Propulsion Light Treads Treads Light Treads Leg Aluminum Leg Utility Small Storage Unit Device Cooling System Storage Small Storage Unit Processor Signal Interpreter Protection Core Shielding Weapon Light Assault Rifle Energy Gun Beam Rifle Energy Cannon EM Pulse Cannon Ballistic Gun Light Assault Rifle Ballistic Cannon Improved Light Cannon Build | -11 -10 -10 -9 -8 ------- Run | Yrd Mat Min Mat Mat Slots Evolved 4 | . . . 2 2 Power . | . . . . . Propulsion . | . . . . . Utility 4 | . . . 2 2 Weapon . | . . . . . Parts Attached 58 | 5 11 3 15 24 Power 7 | 1 1 1 2 2 Engine 6 | 1 1 1 2 1 Core 1 | . . . . 1 Reactor . | . . . . . Propulsion 14 | 2 4 . 4 4 Treads 11 | 2 2 . 4 3 Leg 3 | . 2 . . 1 Wheel . | . . . . . Hover . | . . . . . Flight . | . . . . . Utility 22 | 1 2 . 6 13 Device 7 | . 2 . 1 4 Storage 2 | 1 . . . 1 Processor 6 | . . . 1 5 Hackware . | . . . . . Protection 7 | . . . 4 3 Artifact . | . . . . . Weapon 15 | 1 4 2 3 5 Energy Gun 3 | . 1 . 2 . Energy Cannon 1 | . . . . 1 Ballistic Gun 8 | 1 3 2 1 1 Ballistic Cannon 3 | . . . . 3 Launcher . | . . . . . Special Weapon . | . . . . . Impact Weapon . | . . . . . Slashing Weapon . | . . . . . Piercing Weapon . | . . . . . Special Melee Weapon . | . . . . . Unidentified Prototypes . | . . . . . Parts Lost 25 | . 4 . 5 16 Power 2 | . 1 . . 1 Propulsion 7 | . 1 . 2 4 Utility 8 | . 1 . . 7 Weapon 8 | . 1 . 3 4 Highest Loss Streak 8 | . 3 . 2 8 To Critical Strikes 1 | . . . . 1 Average Slot Usage (%) 92 | . 93 100 90 90 Engine 10 | . 13 14 11 5 Treads 21 | . 26 28 21 12 Device 9 | . 10 14 2 11 Storage 11 | . 14 14 11 7 Processor 10 | . . . 2 31 Protection 6 | . . . 26 1 Energy Gun 2 | . 2 . 1 3 Ballistic Gun 15 | . 24 28 14 4 Ballistic Cannon 1 | . . . . 5 Peak Build Rating 21 | 5 8 10 14 21 Average Rating 11 | 4 7 9 12 17 On Entrance 7 | . 5 8 10 12 Naked Turns . | . . . . . Heaviest Build 39 | 12 14 18 19 39 Greatest Support 46 | 40 40 40 46 40 Greatest Overweight (x) 10 | . 1 . . 10 Average Overweight (x) . | . . . . . Largest Inventory Capacity 15 | 8 8 8 8 15 Average Capacity 8 | 7 8 8 8 11 Most Carried 10 | 1 8 8 8 10 Average Carried 6 | . 5 7 7 7 Final Capacity 15 | 8 8 8 8 15 Final Carried 10 | . 8 8 8 10 Class Distribution -------------------- 69% | Mutant 19% | Scavenger-Mutant 10% | Scavenger-Skirmisher Dominant Class ---------------- Mutant | -10/Materials Mutant | -10/Mines Mutant | -9/Materials Scavenger-Mutant | -8/Materials Resources | -11 -10 -10 -9 -8 ----------- Run | Yrd Mat Min Mat Mat Matter Collected 971 | 250 245 79 336 61 Remotely . | . . . . . Salvage Created 1160 | . 372 109 539 140 Parts 83 | . 21 8 46 8 Haulers Intercepted . | . . . . . Recyclers Shooed 3 | . 2 . 1 . Parts Field Recycled . | . . . . . Retrieved Matter . | . . . . . Parts Self-Destructed . | . . . . . Prevented . | . . . . . Kills | -11 -10 -10 -9 -8 ------- Run | Yrd Mat Min Mat Mat Combat Hostiles Destroyed 30 | . 10 2 15 3 Melee 1 | . . . . 1 Guns 27 | . 10 2 15 . Cannons 2 | . . . . 2 Classes Destroyed 5 | . 3 1 1 . Worker 4 | . 1 . 3 . Watcher 2 | . . . 2 . Swarmer 9 | . 2 . 7 . Grunt 16 | . 8 . 6 2 Sentry 5 | . . 2 2 1 Best Kill Streak 11 | . 4 2 11 1 Combat Bots Only 9 | . 3 2 9 1 Max Kills in Single Turn 1 | . 1 1 1 1 Gunslinging . | . . . . . Exploded . | . . . . . Melee 1 | . . . . 1 Uniques/NPCs Destroyed . | . . . . . Combat | -11 -10 -10 -9 -8 -------- Run | Yrd Mat Min Mat Mat Hostile Shots Fired 383 | . 103 14 116 150 Missed 105 | . 35 3 26 41 Damage Taken 3971 | . 737 161 974 2099 Core 911 | . 151 30 162 568 Absorbed by Shields . | . . . . . Redirected to Shielding 99 | . . . 99 . Regen/Repaired (Parts) 114 | . 114 . . . Core Remaining (%) 62 | 100 . 27 59 . Volleys Fired 151 | . 61 6 68 16 Largest 2 | . 2 2 2 2 Hottest 119 | . 60 40 76 119 Shots Fired 226 | . 97 12 88 29 Gun 211 | . 97 12 88 14 Cannon 15 | . . . . 15 Launcher . | . . . . . Special . | . . . . . Kinetic 200 | . 95 12 83 10 Thermal 18 | . 2 . 5 11 Explosive . | . . . . . Electromagnetic 8 | . . . . 8 Robot Hit Streak 13 | . 9 11 13 9 Robot Miss Streak 3 | . 3 1 3 2 Penetration Max . | . . . . . Secondary Targets 4 | . 2 . 2 . Max Gunslinging Chain 1 | . 1 . 1 . Shots Hit Robots 155 | . 63 11 60 21 Core Hits 75 | . 26 6 32 11 Critical Kills . | . . . . . Critical Parts Destroyed 1 | . 1 . . . Critical Strikes 1 | . 1 . . . Destroy 1 | . 1 . . . Melee Attacks . | . . . . . Impact . | . . . . . Slashing . | . . . . . Piercing . | . . . . . Sneak Attacks . | . . . . . Combat Hostiles . | . . . . . Follow-up Attacks . | . . . . . Damage Inflicted 2071 | . 631 91 874 475 Guns 1725 | . 625 91 870 139 Cannons 305 | . . . . 305 Explosions . | . . . . . Melee . | . . . . . Ramming 41 | . 6 . 4 31 Kinetic 1723 | . 625 91 835 172 Thermal 148 | . . . 35 113 Explosive . | . . . . . Electromagnetic 159 | . . . . 159 Impact . | . . . . . Slashing . | . . . . . Piercing . | . . . . . Highest Corruption . | . . . . . Average Corruption . | . . . . . Corruption Purged . | . . . . . Corruption Blocked . | . . . . . Overload Shots . | . . . . . Overflow Damage . | . . . . . Projectiles . | . . . . . Explosions . | . . . . . Melee . | . . . . . Knockbacks . | . . . . . Impact . | . . . . . Kinetic . | . . . . . Secondary . | . . . . . Self-Inflicted Damage 5 | . . . . 5 Shots . | . . . . . Rammed 19 | . 2 . 2 15 Targets Rammed 19 | . 2 . 2 15 Kicked . | . . . . . Crushed . | . . . . . Highest Temperature 432 | . 17 . 32 432 Average Temperature 101 | . 7 . 6 134 Received Heat Transfer 1287 | . 321 45 276 645 Effects 2 | . . . . 2 Shutdowns 1 | . . . . 1 Damage (minor) 1 | . . . . 1 Siege Activations . | . . . . . Robots Corrupted . | . . . . . Combat Hostiles . | . . . . . Parts Fried . | . . . . . Impact Corruptions . | . . . . . Robots Melted . | . . . . . Combat Hostiles . | . . . . . Parts Melted 1 | . . . . 1 Heat Transferred 383 | . . . 87 296 Parts Sabotaged . | . . . . . Parts Stolen . | . . . . . Parts Stripped . | . . . . . Power Chain Reactions . | . . . . . Alert | -11 -10 -10 -9 -8 ------- Run | Yrd Mat Min Mat Mat Peak Influence 368 | . 270 55 368 125 Initial 90 | . . . 21 90 Average 97 | . 103 38 175 57 Maximum Alert Level 1 | . 1 . 1 . Low Security (%) 85 | 100 89 100 52 100 Level 1 14 | . 10 . 47 . Level 2 . | . . . . . Level 3 . | . . . . . Level 4 . | . . . . . Level 5 . | . . . . . High Security . | . . . . . Max Security . | . . . . . Squads Dispatched 5 | . 1 . . 4 Investigation 1 | . . . . 1 Extermination . | . . . . . Reinforcement 4 | . 1 . . 3 Assault . | . . . . . Garrison . | . . . . . Intercept . | . . . . . Searches Triggered . | . . . . . Construction Impeded . | . . . . . Haulers Reinforced . | . . . . . Active Scanning Responses . | . . . . . Cargo Convoy Interrupts . | . . . . . Stealth | -11 -10 -10 -9 -8 --------- Run | Yrd Mat Min Mat Mat Distress Signals 5 | . 1 . 3 1 Communications Jammed . | . . . . . Distress Signals . | . . . . . Times Spotted 65 | . 17 2 30 16 Peak Tracking Total 7 | . 7 2 5 5 Tactical Retreats 4 | . . . 1 3 Traps | -11 -10 -10 -9 -8 ------- Run | Yrd Mat Min Mat Mat Traps Triggered 1 | . . . . 1 Indirectly . | . . . . . Trap Hack Attempts . | . . . . . Triggered . | . . . . . Disarmed . | . . . . . Reprogrammed . | . . . . . Reused . | . . . . . Traps Extracted . | . . . . . Installed . | . . . . . Triggered . | . . . . . Machines | -11 -10 -10 -9 -8 ---------- Run | Yrd Mat Min Mat Mat Machines Disabled . | . . . . . Max in Single Turn . | . . . . . Machines Repaired . | . . . . . Machines Dismantled . | . . . . . Machines Sabotaged . | . . . . . Overloaded Fab Kills . | . . . . . Hacking | -11 -10 -10 -9 -8 --------- Run | Yrd Mat Min Mat Mat Machines Accessed 6 | . 6 . . . Terminals 4 | . 4 . . . Fabricators . | . . . . . Repair Stations 1 | . 1 . . . Recycling Units 1 | . 1 . . . Scanalyzers . | . . . . . Garrison Access . | . . . . . Total Hacks 22 | . 22 . . . Successful 13 | . 13 . . . Failed 9 | . 9 . . . Catastrophic 2 | . 2 . . . Database Lockouts . | . . . . . Manual . | . . . . . Terminals 18 | . 18 . . . Fabricators . | . . . . . Repair Stations 2 | . 2 . . . Recycling Units 2 | . 2 . . . Scanalyzers . | . . . . . Garrison Access . | . . . . . Terminal Hacks 10 | . 10 . . . Record 7 | . 7 . . . Robot Analysis 1 | . 1 . . . Prototype ID Bank 1 | . 1 . . . Registered Prototypes 1 | . 1 . . . Fabricator Hacks . | . . . . . Repair Station Hacks 2 | . 2 . . . Scan Component 1 | . 1 . . . Repair 1 | . 1 . . . Recycling Unit Hacks 1 | . 1 . . . Report Inventory 1 | . 1 . . . Scanalyzer . | . . . . . Garrison Access Hacks . | . . . . . Unauthorized Hacks . | . . . . . Terminals . | . . . . . Fabricators . | . . . . . Repair Stations . | . . . . . Recycling Units . | . . . . . Scanalyzers . | . . . . . Garrison Access . | . . . . . Data Cores Recovered . | . . . . . Used . | . . . . . Hacking Detections 6 | . 6 . . . Full Trace Events 2 | . 2 . . . Feedback Events . | . . . . . Feedback Blocked . | . . . . . Robot Schematics Acquired . | . . . . . Robots Built . | . . . . . Authchips . | . . . . . Time . | . . . . . Total Robot Build Rating . | . . . . . Part Schematics Acquired . | . . . . . Parts Built . | . . . . . Authchips . | . . . . . Time . | . . . . . Total Part Build Rating . | . . . . . Parts Repaired 1 | . 1 . . . Time 26 | . 26 . . . Parts Recycled . | . . . . . Recycled Matter . | . . . . . Retrieved Matter . | . . . . . Retrieved Components . | . . . . . Parts Scanalyzed . | . . . . . Part Schematics Acquired . | . . . . . Parts Damaged . | . . . . . Bothacking | -11 -10 -10 -9 -8 ------------ Run | Yrd Mat Min Mat Mat Used RIF Installer . | . . . . . Robots Hacked . | . . . . . Non-combat . | . . . . . Combat . | . . . . . Robot Hacks Applied . | . . . . . Relay Couplers Released . | . . . . . Fabnet Peak Effective % . | . . . . . Robots Rewired . | . . . . . Allies Hacked . | . . . . . Hacks Repelled . | . . . . . Allies | -11 -10 -10 -9 -8 -------- Run | Yrd Mat Min Mat Mat Total Allies . | . . . . . Largest Group . | . . . . . Highest-Rated Group . | . . . . . Highest-Rated Ally . | . . . . . Total Orders . | . . . . . Ally Attacks . | . . . . . Total Damage . | . . . . . Kills . | . . . . . Allies Corrupted . | . . . . . Allies Melted . | . . . . . Intel | -11 -10 -10 -9 -8 ------- Run | Yrd Mat Min Mat Mat Robot Analysis Total 1 | . 1 . . . Derelict Logs Recovered 2 | . . 2 . . Drone Launches . | . . . . . Drone Recoveries . | . . . . . Exploration | -11 -10 -10 -9 -8 ------------- Run | Yrd Mat Min Mat Mat Turns Passed 2358 | 63 813 193 543 746 Spaces Moved 1063 | 41 381 105 220 316 Core 49 | 9 . . . 40 Treads 932 | 32 379 105 220 196 Legs 82 | . 2 . . 80 Wheels . | . . . . . Hover . | . . . . . Flight . | . . . . . Fastest Speed 50 | 50 160 160 160 50 Average Speed 162 | 135 160 160 160 172 Slowest Speed 550 | 160 190 160 160 550 Overloaded Moves . | . . . . . Propulsion Burnouts . | . . . . . Robots Hopped . | . . . . . Cave-ins Triggered . | . . . . . Exploration Rate (%) 25 | 3 58 30 20 15 Regions Visited 4 Branch Regions 1 Pre-discovered Areas 2 | . . 2 . . Known Exits Taken . | . . . . . Unknown Exits Taken 4 | 1 1 1 1 . Scrap Searched 1 | . . 1 . . Spaces Dug . | . . . . . Terrain Destroyed . | . . . . . Melee . | . . . . . Projectile . | . . . . . AOE . | . . . . . Terrain Rammed . | . . . . . Walls Destroyed . | . . . . . Machines Disabled . | . . . . . Actions | -11 -10 -10 -9 -8 --------- Run | Yrd Mat Min Mat Mat Total 1463 | 46 496 123 326 472 Wait 122 | . 28 . 9 85 Move 1059 | 40 380 104 219 316 Hop . | . . . . . Pick Up 28 | 1 11 4 3 9 Fast Attach 26 | 4 5 . 7 10 Attach 12 | 1 2 . 3 6 Detach 3 | . . . 1 2 Swap 20 | . 4 3 5 8 Drop 23 | . 3 6 9 5 Fire 151 | . 61 6 68 16 Melee . | . . . . . Ram 2 | . . . . 2 Kick . | . . . . . Crush 17 | . 2 . 2 13 Escape Stasis . | . . . . . Rewire . | . . . . . Trap . | . . . . . Miscellaneous . | . . . . . Route ------- -11/Scrapyard -10/Materials (discovered 2 exits: [*Mat] / [*Min]) -10/Mines -9/Materials -8/Materials (discovered 1 exit: [Sto]) History --------- Turn | Location | Event 32 | -11/Scrapyard | Discovered new exit (range 15) 64 | -11/Scrapyard | Entered Materials 306 | -10/Materials | Build established: Mutant 391 | -10/Materials | Core integrity fell below 50% 410 | -10/Materials | Discovered new exit (range 16) 419 | -10/Materials | Lost 3 parts (1n1u1w) 751 | -10/Materials | Repaired Lgt. Treads 757 | -10/Materials | Discovered new exit (range 13) 877 | -10/Materials | Entered Mines 990 | -10/Mines | Learned Materials terminal intel 1016 | -10/Mines | Discovered new exit (range 15) 1046 | -10/Mines | Learned location of Storage (-8) 1070 | -10/Mines | Entered Materials 1070 | -9/Materials | Evolved 2 slots: Utility x2 1071 | -9/Materials | Loaded intel: 12 terminal locations 1326 | -9/Materials | Destroyed 9 combat bots 1585 | -9/Materials | Discovered new exit (range 17) 1613 | -9/Materials | Entered another Materials area 1613 | -8/Materials | Evolved 2 slots: Utility x2 1936 | -8/Materials | Lost 7 parts (1p2n2u2w) 1991 | -8/Materials | Discovered new exit (range 14) 2335 | -8/Materials | Core integrity fell below 50% 2346 | -8/Materials | Core integrity fell below 20% 2359 | -8/Materials | Destroyed by H-61 Shepherd with Heavy Assault Cannon Last Messages --------------- 02345_ H-55 Commando destroyed. 02345_ U-05 Engineer destroyed. 02345_ K-01 Serf destroyed. 02345_ U-05 Engineer destroyed. 02345_ K-01 Serf destroyed. 02345_ R-06 Scavenger destroyed. 02345_ Penetrated by Slug. 02347_ K-01 Serf collects debris. 02349_ Backup Propulsion I tumbles out of repair station. 02349_ Backup Plating I tumbles out of repair station. 02349_ Backup Power I tumbles out of repair station. 02349_ R-06 Scavenger collects Targeting Computer. 02350_ Lgt. Treads destroyed. 02351_ K-01 Serf collects debris. 02352_ Targeting Computer destroyed. 02353_ Knocked back. 02354_ Assault Cannon destroyed. 02355_ K-01 Serf collects debris. 02356_ Knocked back. 02358_ K-01 Serf collects debris. Map ----- +----------------------------------------------------+ | ??????#??##"T [[ # ###? ? ?? ?????????? | | ??????#####"" # ####?###????????????? | | ???????#?## """ + ## ??? ???????????? | | ?????????## """ # ##????? ?? ?????????? | | ??????#???# """ ## ##? ?? ??? ?????????? | | ??????????# ## ##? ""??"????????????? | | ??????????##+######### #????????????????????? | | ??????????## ?## #???"????????????????? | | ???????????# ???# ##???????????????????? | | ???????????#+##?# ??# #???? ???????????????? | | ???????????? ???# ### ########+######??????? | | ????????????????# ??????? | | ????????????????# #??????? | | ????????????????# !! #??????? | | ????????????????# %! k ]]/ #??????? | | ????????????????# = ]!/ #??????? | | ????????????????# [ * ]// #??????? | | ????????????????# " ! ! g #??????? | | ????????????????# "RH =%%*%g #??????? | | ????????????????# "*[=[%%[* #??????? | | ????????????????# #[!;=|!! #??????? | | ???????????????## ;; ; ???? | | ??????????###+## ; ; ###????? | | ??????????# ; % ; ##+##??????? | | ??????????# ; % ;;##??????????? | | ??????????###### @ ; #???????????? | | ???????????????#####; %] ; #???????????? | | ??????????????????? % ###???????????? | | ??????????????????# # #?????????????? | | ??????????????????#######;###;#?????????????? | | | | | | | | | | | | | | | | | | | | | | | | | | | | | | | | | | | | | | | | | +----------------------------------------------------+ Best States ------------- Heat Dissipation 47 Energy Generation 14 Energy Capacity 265 Matter Stores 300 Matter Capacity 300 Sight Range 18 Terrain Scan Range 14 Terrain Scan Density 110 ECM Strength 1 Armor Coverage 150 Core Shielding 20 Power Shielding 33 Propulsion Shielding 33 Evasion (%) 55 Targeting Accuracy 11 Recoil Reduction 2 Item Schematics ----------------- None Robot Schematics ------------------ None Fabricated ------------ Nothing Alien Tech Used ----------------- None Achievements -------------- Fist Fight Challenges ------------ None Game ------ Seed 1 Manual? 1 Play Time 00:22:55 Cumulative 4.2 hours Start 2024.12.01 @ 23:35:56 End 2024.12.01 @ 23:55:36 Sessions 1 Manual Loads 0 Difficulty Rogue Special Mode None Game No. 10 Rogue 8 Adventurer 2 Explorer 0 Win Type - Total 0 Types 0/0/0/0/0/0/0/0/0 Lore% 5 Gallery% 9 Achievement% 10 Wizard Run 0 Options --------- Layout 0 ASCII 0 Keyboard 0 Movement Numpad Keybinds 0 Fullscreen 2 Font 18/SmallcapsGlow Map View 38x25 Zoom Use 100% Tactical HUD 1 Map Filters NONE Filters NONE Steam 1 RUN: 7dd8afe1-4c98-4454-ad85-4e9c55f38519